 Dungeon Crawl Stone Soup version 0.31-a0-1598-g94871bc2e8 (webtiles) character file.

Game seed: 2497604794629738094

6 Flugslaktarn the Apothecary (level 1, -5/11 HPs)
             Began as an Octopode Alchemist on Jan 7, 2024.
             Killed from afar by a dart slug (6 damage)
             ... with a slug dart
             ... on level 1 of the Dungeon.
             The game lasted 00:00:16 (136 turns).

Flugslaktarn the Apothecary (Octopode Alchemist)     Turns: 136, Time: 00:00:17

Health: -5/11      AC:  1    Str:  7    XL:     1   Next: 90%
Magic:  1/3        EV: 13    Int: 17    God:
Gold:   10         SH:  0    Dex: 12    Spells: 3/4 levels left

rFire   . . .        b - +0 mace
rCold   . . .        (no shield)
rNeg    . . .        (helmet restricted)
rPois   .            (no amulet)
rElec   .            (no ring)
rCorr   .            (no ring)
SInv    .            (no ring)
Will    .....        (no ring)
Stlth   +++          (no ring)
HPRegen 0.21/turn    (no ring)
MPRegen 0.08/turn    (no ring)
                     (no ring)

%: no passive effects
@: no status effects
A: almost no armour, amphibious, 8 rings, camouflage 1, gelatinous body 1,
(nimble swimmer 1), tentacles
a: no special abilities


You were on level 1 of the Dungeon.
You visited 1 branch of the dungeon, and saw 1 of its levels.

You collected 10 gold pieces.

Inventory:

Hand Weapons
 b - a +0 mace (weapon)
   (You found it on level 1 of the Dungeon)
Scrolls
 e - a scroll of revelation {unknown}
 f - a scroll of identify {unknown}
Potions
 a - a potion of magic
 c - 2 potions of heal wounds {unknown}
 d - 2 potions of curing {unknown}


   Skills:
 - Level 2.0 Dodging
 - Level 2.6 Stealth
 + Level 2.1 Spellcasting
 - Level 1.0 Conjurations
 * Level 3.6 Alchemy


You had 3 spell levels left.
You knew the following spells:

 Your Spells              Type           Power      Damage    Failure   Level
a - Sting                 Conj/Alch      36%        1d5       8%          1

Your spell library contained the following spells:

 Spells                   Type           Power      Damage    Failure   Level
 Mercury Vapours          Alch/Air       16%        N/A       14%         2
 Mephitic Cloud           Conj/Alch/Air  7%         N/A       30%         3
 Inner Flame              Hex/Fire       1%         N/A       50%         3
 Olgreb's Toxic Radiance  Alch           14%        N/A       38%         4
 Sticky Flame             Fire/Alch      8%         2d4       65%         4
 Flame Wave               Conj/Fire      3%         2d5       83%         4


Dungeon Overview and Level Annotations

Branches:
Dungeon (1/15)

Altars:


Innate Abilities, Weirdness & Mutations

You cannot wear most types of armour.
You are amphibious.
You can wear up to eight rings at the same time.
Your skin changes colour to match your surroundings (Stealth+).
Your rubbery body absorbs attacks. (AC +1, EV +1)
((You are camouflaged when in or above water. (Stealth+)))
You have tentacles for arms and can constrict up to eight enemies at once.


Message History

You now have 10 gold pieces.
An endoplasm comes into view.
Found a scroll labelled HIDODU WECZEP and a scroll labelled MACSYI INTURGHISCH.
Found a stone staircase leading down.
The endoplasm quivers.
A kobold comes into view. It is wielding a +0 short sword.
The kobold shouts!
Casting: Sting (safe; 8% risk of failure)
Confirm with . or Enter, or press ? or * to list all spells.
Aiming: Sting (safe; 8% risk of failure)
Press: ? - help, Shift-Dir - straight line, f - endoplasm
Aim: an endoplasm (97% to hit)
The sting hits the endoplasm but does no damage.
The endoplasm is poisoned.
You hit the endoplasm.
The endoplasm is moderately wounded.
The endoplasm freezes you.
You are frozen.
The endoplasm freezes you.
You are frozen.
You hit the endoplasm but do no damage.
The endoplasm is almost dead.
The endoplasm looks more healthy.
The endoplasm barely misses you.
You hit the endoplasm but do no damage.
The endoplasm is almost dead.
An endoplasm comes into view.
The endoplasm misses you.
The endoplasm hits you but does no damage.
The kobold hits you with a +0 short sword.
The endoplasm quivers.
You hit the endoplasm.
You kill the endoplasm!
The kobold barely misses you.
You barely miss the kobold. Your grab misses the kobold.
The kobold barely misses you.
You barely miss the kobold. You grab the kobold. You squeeze the kobold.
The kobold is moderately wounded.
You constrict the kobold. The kobold barely misses you. x2
You hit the kobold.
You kill the kobold!
Casting: Sting (safe; 8% risk of failure)
Confirm with . or Enter, or press ? or * to list all spells.
Aiming: Sting (safe; 8% risk of failure)
Press: ? - help, Shift-Dir - straight line, f - endoplasm
Aim: an endoplasm (97% to hit)
The sting hits the endoplasm but does no damage.
The endoplasm is poisoned.
The endoplasm jiggles.
The endoplasm barely misses you.
You hit the endoplasm but do no damage.
The endoplasm is heavily wounded.
You kill the endoplasm!
No target in view!
d - 2 bubbling pink potions
e - a scroll labelled HIDODU WECZEP
f - a scroll labelled MACSYI INTURGHISCH
There is a stone staircase leading down here.
You open the door.
An endoplasm and a dart slug come into view.
Found a ring mail.
The endoplasm quivers.
There is an open door here.
Casting: Sting (safe; 8% risk of failure)
Confirm with . or Enter, or press ? or * to list all spells.
Aiming: Sting (safe; 8% risk of failure)
Press: ? - help, Shift-Dir - straight line, f - endoplasm
Aim: an endoplasm (97% to hit)
The sting hits the endoplasm.
The endoplasm partially resists.
The endoplasm is lightly wounded.
The endoplasm hits you.
Casting: Sting (safe; 8% risk of failure)
Confirm with . or Enter, or press ? or * to list all spells.
Aiming: Sting (safe; 8% risk of failure)
Press: ? - help, Shift-Dir - straight line, f/p - endoplasm
Aim: an endoplasm (lightly wounded, 97% to hit)
The sting hits the endoplasm.
The endoplasm partially resists.
The endoplasm is moderately wounded.
The endoplasm closely misses you.
You hit the endoplasm but do no damage.
The endoplasm is moderately wounded.
The endoplasm hits you. The dart slug bites you.
You hit the endoplasm.
The endoplasm is almost dead.
The endoplasm freezes you.
You are frozen.
The endoplasm attacks as it pursues you!
The endoplasm barely misses you.
The dart slug attacks as it pursues you!
The dart slug closely misses you.
There is an open door here.
You hit the endoplasm but do no damage.
The endoplasm is almost dead.
The endoplasm barely misses you. The dart slug closely misses you.
The endoplasm freezes you.
You are frozen.
* * * LOW HITPOINT WARNING * * *
The dart slug launches a dart at you. The slug dart hits you.
Ouch! That really hurt!
You die...

#..........#####...
###........# ...
#.....#### .. #...###
####### #####...###
......#
#.....)...####......#
#.........##........#
#..........#.........
#.........@'J.....#
#.........##w..[..#
#.................#
#.........#.......#
#.........##......#
#.........##........
############......###
#......#


You could see a dart slug and an endoplasm.

Vanquished Creatures
  2 endoplasms (D:1)
  A hobgoblin (D:1)
  A kobold (D:1)
  A bat (D:1)
5 creatures vanquished.

Notes
Turn   | Place    | Note
-------+----------+-------------------------------------------
     0 | D:1      | Flugslaktarn the Octopode Alchemist began the quest for the
                  | Orb.
     0 | D:1      | Reached XP level 1. HP: 11/11 MP: 3/3
   136 | D:1      | Killed from afar by a dart slug

Illustrated notes

Levels and vault maps discovered:
D:1:      dpeg_arrival_circle_labyrinth_a, layout_basic, minmay_three_crescents

Action                     || total
---------------------------++-------
  Melee: Mace              ||    12
         Constrict         ||     1
         Tentacles         ||     1
   Cast: Sting             ||     6
 Armour: Skin              ||     6
  Dodge: Dodged            ||    14

Table legend: (Time is in decaauts)
 A = Elapsed time spent in this place.
 B = Non-inter-level travel time spent in this place.
 C = Inter-level travel time spent in this place.
 D = Time resting spent in this place.
 E = Time spent auto-exploring this place.
 F = Levels seen in this place.
 G = Mean time per level.
                   A        B        C        D        E       F      G
               +--------+--------+--------+--------+--------+-----+--------+
         Total |    140 |    140 |      0 |      0 |     82 |   1 |  140.0 |
       Dungeon |    140 |    140 |      0 |      0 |     82 |   1 |  140.0 |
               +--------+--------+--------+--------+--------+-----+--------+

Top non-repeatable levels by time:
     D:1: 140 daAuts
